[Event "Cesenatico Open 2019"]
[Site "Cesenatico"]
[Date "2019.09.04"]
[Round "4"]
[White "Paleologu, Vladimir"]
[Black "Schacher, Gerd"]
[Result "0-1"]
[ECO "B06"]
[WhiteElo "2105"]
[BlackElo "2311"]
[Annotator "NA"]
[PlyCount "84"]
[EventDate "2019.09.01"]
[EventType "swiss"]
[EventCountry "ITA"]
[SourceTitle "playchess.com"]
[Source "ChessBase"]
[SourceQuality "1"]
[TimeControl "40/6000:900"]

1. e4 g6 2. d4 Bg7 3. Nc3 d6 4. Be3 a6 5. Qd2 Nd7 6. h4 Ngf6 7. Bh6 Bxh6 8. Qxh6 c5 9. dxc5 Nxc5 10. f3 Be6 11. Nge2 Qa5 12. a3 Qc7 13. O-O-O O-O-O 14. Nf4 Kb8 15. g4 Rc8 16. Nxe6 Nxe6 17. Qd2 h6 18. Bd3 g5 19. hxg5 hxg5 20. Nd5 Nxd5 21. exd5 Nd4 22. Kb1 Nxf3 23. Qe3 Rxh1 24. Rxh1 Ne5 25. Bf5 Rg8 26. Rh5 Qc5 27. Qd2 Nc4 28. Qc1 Qxd5 29. Rxg5 Nd2+ 30. Qxd2 Qxd2 31. Rxg8+ Ka7 32. Rg7 e6 33. Bd3 e5 34. Rxf7 e4 35. Bc4 d5 36. Bf1 Qd1+ 37. Ka2 Qxg4 38. c4 d4 39. Re7 d3 40. c5 Qg5 41. Rc7 Kb8 42. Rd7 Qf5 0-1

[Event "Cesenatico Open 2019"]
[Site "Cesenatico"]
[Date "2019.09.04"]
[Round "4"]
[White "Kacani, Kirk"]
[Black "Medici, Simone"]
[Result "1/2-1/2"]
[ECO "A30"]
[WhiteElo "2091"]
[BlackElo "2201"]
[Annotator "NA"]
[PlyCount "137"]
[EventDate "2019.09.01"]
[EventType "swiss"]
[EventCountry "ITA"]
[SourceTitle "playchess.com"]
[Source "ChessBase"]
[SourceQuality "1"]
[TimeControl "40/6000:900"]

1. c4 b6 2. Nf3 Nf6 3. g3 Bb7 4. Bg2 g6 5. b3 Bg7 6. Bb2 O-O 7. O-O c5 8. Nc3 Nc6 9. d4 Nxd4 10. Nxd4 Bxg2 11. Kxg2 cxd4 12. Qxd4 d6 13. Nd5 Qd7 14. e4 Qb7 15. f3 Rac8 16. Rac1 Rfd8 17. Rfd1 Rc5 18. b4 Rcc8 19. Qd2 Ne8 20. Bd4 e6 21. Ne3 Bh6 22. Qe2 Rd7 23. Rc2 e5 24. Ng4 Bf8 25. Bf2 f5 26. exf5 gxf5 27. Ne3 Rf7 28. Nd5 Qd7 29. c5 Qa4 30. Rdc1 bxc5 31. bxc5 Rc6 32. Rc4 Qa5 33. Nb4 Rc8 34. cxd6 Rxc4 35. Qxc4 Nxd6 36. Qb3 e4 37. Nc6 exf3+ 38. Qxf3 Qxa2 39. Kh1 Ne4 40. Bd4 Bh6 41. Ra1 Qd5 42. Ra6 Rc7 43. Ra5 Qxc6 44. Rxf5 Ng5 45. Qxc6 Rxc6 46. Bxa7 Ne4 47. Kg2 Rc2+ 48. Kf3 Nd6 49. Rh5 Nf7 50. Bb8 Kg7 51. h4 Bd2 52. Bf4 Be1 53. Rb5 Rf2+ 54. Kg4 Rg2 55. Rb7 Re2 56. h5 Re6 57. Kf3 h6 58. Kg4 Bc3 59. Rb3 Bf6 60. Rb7 Be7 61. Rb5 Nd8 62. Re5 Bf6 63. Rxe6 Nxe6 64. Bxh6+ Kf7 65. Bf4 Nd4 66. Be3 Ne6 67. Kf3 Kg7 68. g4 Bg5 69. Ke4 1/2-1/2

[Event "Cesenatico Open 2019"]
[Site "Cesenatico"]
[Date "2019.09.05"]
[Round "5"]
[White "Medici, Simone"]
[Black "Cocconcelli, Lorenzo"]
[Result "1-0"]
[ECO "D11"]
[WhiteElo "2201"]
[BlackElo "2113"]
[Annotator "ChessBase"]
[PlyCount "195"]
[EventDate "2019.09.01"]
[EventType "swiss"]
[EventCountry "ITA"]
[SourceTitle "playchess.com"]
[Source "ChessBase"]
[SourceQuality "1"]
[TimeControl "40/6000:900"]

1. d4 d5 2. c4 c6 3. Nf3 Nf6 4. Nbd2 Bf5 5. Qb3 Qb6 6. e3 e6 7. c5 Qc7 8. Qc3 Nbd7 9. b4 Be7 10. Be2 O-O 11. O-O b6 12. Bb2 bxc5 13. bxc5 a5 14. h3 Rfe8 15. Rfc1 h6 16. Bd3 Bf8 17. Qc2 Bxd3 18. Qxd3 g6 19. Rab1 Bg7 20. Ne5 Nxe5 21. dxe5 Nd7 22. f4 Qa7 23. Bd4 Bf8 24. Qc3 Reb8 25. Rxb8 Rxb8 26. Nb3 Rb5 27. a4 Rb4 28. Ra1 Be7 29. Kh2 h5 30. g4 Qa6 31. Ra2 hxg4 32. hxg4 Qf1 33. Kg3 Bd8 34. Ra1 Qc4 35. Qxc4 Rxc4 36. Ra2 Bc7 37. g5 Nb8 38. Nd2 Rb4 39. Bc3 Rb7 40. Rb2 Rxb2 41. Bxb2 Na6 42. Nb3 Bd8 43. Kf3 Kf8 44. Ke2 Ke8 45. Kd3 Nb4+ 46. Kc3 Kd7 47. Ba3 Na6 48. Kd4 Kc8 49. Bc1 Kb7 50. Bd2 Nb4 51. Bxb4 axb4 52. Kd3 Be7 53. Na5+ Kc7 54. Kd4 Bf8 55. Nb3 Kb7 56. Kd3 Be7 57. Kc2 Bf8 58. e4 Be7 59. Kd2 Bf8 60. Ke3 Be7 61. Kf3 Kc7 62. Kg4 Bxc5 63. Nxc5 Kb6 64. Nb3 dxe4 65. Kg3 c5 66. a5+ Kc6 67. a6 c4 68. Na5+ Kb6 69. Nxc4+ Kxa6 70. Kf2 Kb5 71. Nd2 Ka4 72. Ke3 Ka3 73. Kxe4 Kb2 74. Kd3 Kc1 75. Nb3+ Kd1 76. Nd4 Ke1 77. Ke3 Kf1 78. f5 exf5 79. Nxf5 gxf5 80. g6 f4+ 81. Kd2 fxg6 82. e6 b3 83. e7 b2 84. Kc2 f3 85. e8=Q b1=Q+ 86. Kxb1 f2 87. Qxg6 Ke1 88. Qe4+ Kd2 89. Qf3 Ke1 90. Qe3+ Kd1 91. Qf3+ Ke1 92. Qg3 Ke2 93. Qg2 Ke1 94. Kc1 Ke2 95. Qe4+ Kf1 96. Kd2 Kg1 97. Qg4+ Kf1 98. Ke3 1-0

[Event "Cesenatico Open 2019"]
[Site "Cesenatico"]
[Date "2019.09.05"]
[Round "5"]
[White "Carbone, Stefano"]
[Black "Stromboli, Carlo"]
[Result "1/2-1/2"]
[ECO "D02"]
[WhiteElo "2138"]
[BlackElo "2270"]
[Annotator "ChessBase"]
[PlyCount "36"]
[EventDate "2019.09.01"]
[EventType "swiss"]
[EventCountry "ITA"]
[SourceTitle "playchess.com"]
[Source "ChessBase"]
[SourceQuality "1"]
[TimeControl "40/6000:900"]

1. Nf3 d5 2. g3 Nc6 3. d4 Bf5 4. Bg2 Nb4 5. Na3 e6 6. c3 Nc6 7. Nc2 Nf6 8. O-O h6 9. Ne3 Be4 10. b3 Bd6 11. Bb2 O-O 12. c4 Re8 13. Rc1 Bf8 14. Ne5 Nxe5 15. dxe5 Bxg2 16. Kxg2 Nd7 17. cxd5 exd5 18. Qxd5 c6 1/2-1/2

[Event "Cesenatico Open 2019"]
[Site "Cesenatico"]
[Date "2019.09.05"]
[Round "5"]
[White "Voltolini, Giuseppe"]
[Black "Mrdja, Milan"]
[Result "0-1"]
[ECO "A44"]
[WhiteElo "2115"]
[BlackElo "2279"]
[Annotator "ChessBase"]
[PlyCount "80"]
[EventDate "2019.09.01"]
[EventType "swiss"]
[EventCountry "ITA"]
[SourceTitle "playchess.com"]
[Source "ChessBase"]
[SourceQuality "1"]
[TimeControl "40/6000:900"]

1. d4 c5 2. d5 e5 3. e4 d6 4. Bb5+ Nd7 5. a4 Ngf6 6. Nc3 Be7 7. Nf3 O-O 8. Be2 Ne8 9. O-O g6 10. Bh6 Ng7 11. Qd2 Nf6 12. h3 Kh8 13. Rad1 Ng8 14. Bxg7+ Kxg7 15. Nxe5 dxe5 16. d6 Bg5 17. Qd5 Qb6 18. Qxe5+ Bf6 19. Qg3 Be6 20. e5 Bd8 21. b3 Nh6 22. Nd5 Qc6 23. Bb5 Qc8 24. Qc3 Nf5 25. d7 Qb8 26. Rfe1 a6 27. Bf1 b6 28. g4 Nd4 29. Bg2 Ra7 30. Nf6 a5 31. g5 Kh8 32. Rxd4 cxd4 33. Qxd4 Bxf6 34. exf6 Rxd7 35. Qh4 Qd6 36. Qh6 Rg8 37. Bf3 Qf4 38. Kg2 Rd5 39. Bxd5 Bxd5+ 40. Kf1 Qf3 0-1

[Event "Cesenatico Open 2019"]
[Site "Cesenatico"]
[Date "2019.09.05"]
[Round "5"]
[White "Marzano, Carlo"]
[Black "Damia, Angelo"]
[Result "0-1"]
[ECO "D53"]
[WhiteElo "2109"]
[BlackElo "2240"]
[Annotator "ChessBase"]
[PlyCount "90"]
[EventDate "2019.09.01"]
[EventType "swiss"]
[EventCountry "ITA"]
[SourceTitle "playchess.com"]
[Source "ChessBase"]
[SourceQuality "1"]
[TimeControl "40/6000:900"]

1. d4 Nf6 2. c4 e6 3. Nf3 d5 4. Nc3 Be7 5. Bg5 Nbd7 6. cxd5 Nxd5 7. Bxe7 Qxe7 8. e4 Nxc3 9. bxc3 e5 10. Bd3 exd4 11. cxd4 Qb4+ 12. Qd2 Qxd2+ 13. Nxd2 c5 14. d5 Ne5 15. Be2 f5 16. f4 Ng6 17. O-O fxe4 18. Nxe4 b6 19. a4 O-O 20. g3 Re8 21. Bf3 Bg4 22. Bxg4 Rxe4 23. d6 Rd8 24. d7 Nf8 25. Rfe1 Rxe1+ 26. Rxe1 Kf7 27. Kf2 Nxd7 28. Rd1 Ke7 29. Re1+ Kd6 30. Re6+ Kd5 31. Re7 Nf6 32. Bf3+ Kd4 33. Rxg7 Rd7 34. Rxd7+ Nxd7 35. g4 c4 36. Bd1 a6 37. Bc2 b5 38. axb5 axb5 39. Bxh7 b4 40. g5 b3 41. Ke2 Kc3 42. Bg8 Nc5 43. g6 b2 44. Bxc4 b1=Q 45. g7 Qe4+ 0-1

[Event "Cesenatico Open 2019"]
[Site "Cesenatico"]
[Date "2019.09.05"]
[Round "5"]
[White "Kacani, Kirk"]
[Black "Di Trapani, Davide"]
[Result "0-1"]
[ECO "B51"]
[WhiteElo "2091"]
[BlackElo "2181"]
[Annotator "ChessBase"]
[PlyCount "78"]
[EventDate "2019.09.01"]
[EventType "swiss"]
[EventCountry "ITA"]
[SourceTitle "playchess.com"]
[Source "ChessBase"]
[SourceQuality "1"]
[TimeControl "40/6000:900"]

1. e4 c5 2. Nf3 d6 3. Bb5+ Nd7 4. c3 a6 5. Ba4 Ngf6 6. Bc2 g6 7. a4 Bg7 8. O-O O-O 9. d4 Qc7 10. Re1 e5 11. d5 Rb8 12. a5 b5 13. axb6 Nxb6 14. b3 Ne8 15. Nbd2 Bh6 16. Nf1 Bxc1 17. Qxc1 f5 18. Ng5 Ng7 19. Nd2 Qe7 20. Ne6 Nxe6 21. dxe6 f4 22. Bd3 Kh8 23. Bxa6 Bxe6 24. Bf1 g5 25. Ra3 Rf6 26. Qa1 Rh6 27. Ra7 Qe8 28. Qd1 g4 29. Be2 Qh5 30. Nf1 Rg8 31. Qxd6 Nc8 32. Qxc5 Nxa7 33. Qxa7 Bxb3 34. Bd1 Bxd1 35. Rxd1 g3 36. Rd5 gxh2+ 37. Kh1 Qg4 38. Ng3 fxg3 39. f3 Qxf3 0-1

[Event "Cesenatico Open 2019"]
[Site "Cesenatico"]
[Date "2019.09.05"]
[Round "6"]
[White "Loiacono, Leonardo"]
[Black "Carbone, Stefano"]
[Result "1-0"]
[ECO "D15"]
[WhiteElo "2293"]
[BlackElo "2138"]
[Annotator "ChessBase"]
[PlyCount "127"]
[EventDate "2019.09.01"]
[EventType "swiss"]
[EventCountry "ITA"]
[SourceTitle "playchess.com"]
[Source "ChessBase"]
[SourceQuality "1"]
[TimeControl "40/6000:900"]

1. d4 d5 2. c4 c6 3. Nc3 Nf6 4. Nf3 a6 5. g3 dxc4 6. Bg2 e6 7. Ne5 c5 8. dxc5 Qxd1+ 9. Nxd1 Bxc5 10. Nxc4 Nc6 11. Bxc6+ bxc6 12. Be3 Bxe3 13. Ndxe3 Ke7 14. f3 Bd7 15. Kf2 Rhd8 16. Rhd1 Be8 17. Rxd8 Rxd8 18. Rc1 Rb8 19. Nc2 c5 20. e4 Bb5 21. N2e3 Bxc4 22. Nxc4 Nd7 23. b3 f6 24. Ke3 Rb5 25. Rc3 Rb8 26. h4 h5 27. Kd2 Rg8 28. Ke2 Rb8 29. Rc2 Rb7 30. Nb2 Rb8 31. Nd3 Kd6 32. Nf4 e5 33. Rd2+ Ke7 34. Nd5+ Kd8 35. g4 hxg4 36. fxg4 Rb7 37. h5 Ke8 38. Kd3 Kf7 39. Kc4 Ke6 40. Rh2 Kf7 41. Rh3 Kf8 42. Rf3 Kf7 43. g5 Ke6 44. h6 gxh6 45. gxh6 Rb8 46. Rh3 Rh8 47. Ne3 Rc8 48. Kc3 Nb6 49. Rg3 Rh8 50. Nf5 Rh7 51. Rg8 Kf7 52. Rb8 Nd7 53. Ra8 Kg6 54. Rxa6 Nf8 55. Rc6 Kg5 56. Rxc5 Kf4 57. Rc6 Kxe4 58. Rxf6 Nd7 59. Nd6+ Kd5 60. Rf7 Rxh6 61. Rxd7 Kc6 62. Rd8 Kc7 63. Nf7 Rf6 64. Rf8 1-0

[Event "Cesenatico Open 2019"]
[Site "Cesenatico"]
[Date "2019.09.05"]
[Round "6"]
[White "Stromboli, Carlo"]
[Black "Schaefer, Michael"]
[Result "1-0"]
[ECO "C41"]
[WhiteElo "2270"]
[BlackElo "2181"]
[Annotator "ChessBase"]
[PlyCount "109"]
[EventDate "2019.09.01"]
[EventType "swiss"]
[EventCountry "ITA"]
[SourceTitle "playchess.com"]
[Source "ChessBase"]
[SourceQuality "1"]
[TimeControl "40/6000:900"]

1. e4 d6 2. d4 Nf6 3. Nc3 e5 4. Nf3 Nbd7 5. Bc4 Be7 6. O-O O-O 7. Re1 c6 8. a4 b6 9. b3 a6 10. Bb2 Bb7 11. Bf1 Re8 12. Qd2 Bf8 13. Rad1 Qc7 14. h3 g6 15. Qg5 Bg7 16. dxe5 Nxe5 17. Nxe5 dxe5 18. Ba3 Rad8 19. Qe3 Bf8 20. Bxf8 Kxf8 21. Qh6+ Kg8 22. Rd3 Rxd3 23. Bxd3 Nd7 24. h4 Qd6 25. h5 Qf8 26. Qg5 Qe7 27. Qg3 Kg7 28. Nd1 Nc5 29. Bc4 b5 30. axb5 axb5 31. Bf1 Qf6 32. Qe3 Qe7 33. g3 Ne6 34. Bd3 Qc5 35. Qd2 Qe7 36. Kg2 Qg5 37. Qxg5 Nxg5 38. hxg6 hxg6 39. Nc3 Ra8 40. f3 Ne6 41. Rh1 Nc5 42. Rd1 Kf6 43. Kf2 Ke7 44. Ke3 Bc8 45. Bxb5 cxb5 46. Nd5+ Kf8 47. Nb6 Ra2 48. Rd8+ Kg7 49. Rxc8 Rxc2 50. b4 Rc3+ 51. Kd2 Nxe4+ 52. fxe4 Rxg3 53. Rc5 f6 54. Rxb5 g5 55. Nd5 1-0

[Event "Cesenatico Open 2019"]
[Site "Cesenatico"]
[Date "2019.09.05"]
[Round "6"]
[White "Di Trapani, Davide"]
[Black "Dragojlovic, Andjelko"]
[Result "1/2-1/2"]
[ECO "B27"]
[WhiteElo "2181"]
[BlackElo "2293"]
[Annotator "ChessBase"]
[PlyCount "49"]
[EventDate "2019.09.01"]
[EventType "swiss"]
[EventCountry "ITA"]
[SourceTitle "playchess.com"]
[Source "ChessBase"]
[SourceQuality "1"]
[TimeControl "40/6000:900"]

1. d4 g6 2. e4 Bg7 3. Nf3 c5 4. Be3 Nf6 5. Nc3 Qa5 6. Qd2 cxd4 7. Nxd4 Nc6 8. Nb3 Qd8 9. Be2 O-O 10. O-O-O a5 11. a4 d6 12. Bh6 Be6 13. Bxg7 Kxg7 14. Nd4 Qb6 15. Nxe6+ fxe6 16. Bc4 e5 17. f3 Nd4 18. Nb5 Nxb5 19. Bxb5 Rac8 20. Kb1 Rc5 21. g4 Rfc8 22. c3 Ng8 23. g5 Rf8 24. h4 Rcc8 25. h5 1/2-1/2

[Event "Cesenatico Open 2019"]
[Site "Cesenatico"]
[Date "2019.09.05"]
[Round "6"]
[White "Drei, Andrea"]
[Black "Dittmar, Peter"]
[Result "1/2-1/2"]
[ECO "C08"]
[WhiteElo "2137"]
[BlackElo "2259"]
[Annotator "ChessBase"]
[PlyCount "50"]
[EventDate "2019.09.01"]
[EventType "swiss"]
[EventCountry "ITA"]
[SourceTitle "playchess.com"]
[Source "ChessBase"]
[SourceQuality "1"]
[TimeControl "40/6000:900"]

1. e4 e6 2. d4 d5 3. Nd2 a6 4. Ngf3 c5 5. exd5 exd5 6. Be2 Nc6 7. O-O Bd6 8. Re1 Nge7 9. dxc5 Bxc5 10. Nb3 Ba7 11. h3 O-O 12. Bd3 Nf5 13. Bxf5 Bxf5 14. Be3 Bxe3 15. Rxe3 Qb6 16. Qd2 Rad8 17. c3 Be4 18. Nbd4 Na5 19. b3 Nc6 20. Rae1 h6 21. Rd1 Rc8 22. Nxc6 bxc6 23. b4 a5 24. a3 axb4 25. axb4 Bxf3 1/2-1/2

[Event "Cesenatico Open 2019"]
[Site "Cesenatico"]
[Date "2019.09.06"]
[Round "7"]
[White "Schacher, Gerd"]
[Black "Voltolini, Giuseppe"]
[Result "0-1"]
[ECO "D32"]
[WhiteElo "2311"]
[BlackElo "2115"]
[Annotator "ChessBase"]
[PlyCount "66"]
[EventDate "2019.09.01"]
[EventType "swiss"]
[EventCountry "ITA"]
[SourceTitle "playchess.com"]
[Source "ChessBase"]
[SourceQuality "1"]
[TimeControl "40/6000:900"]

1. c4 Nf6 2. Nc3 e6 3. Nf3 d5 4. e3 c5 5. cxd5 exd5 6. d4 a6 7. Be2 Nc6 8. Ne5 Be7 9. Qa4 c4 10. Nxc6 bxc6 11. e4 Bd7 12. e5 Ng8 13. O-O h5 14. Qd1 g6 15. b3 cxb3 16. axb3 a5 17. Na4 Nh6 18. Bxh6 Rxh6 19. Qc1 Rh8 20. Nc5 Qb6 21. Qc3 Bf5 22. Ra4 Rb8 23. Rxa5 Kf8 24. Bd1 Kg7 25. Qa1 Rhc8 26. b4 Bxc5 27. dxc5 Qxb4 28. e6+ Qb2 29. Qxb2+ Rxb2 30. exf7 Kxf7 31. f3 Re8 32. Ra3 Rd2 33. g4 Bd3 0-1

[Event "Cesenatico Open 2019"]
[Site "Cesenatico"]
[Date "2019.09.06"]
[Round "7"]
[White "Dragojlovic, Andjelko"]
[Black "Damia, Angelo"]
[Result "0-1"]
[ECO "C28"]
[WhiteElo "2293"]
[BlackElo "2240"]
[Annotator "ChessBase"]
[PlyCount "62"]
[EventDate "2019.09.01"]
[EventType "swiss"]
[EventCountry "ITA"]
[SourceTitle "playchess.com"]
[Source "ChessBase"]
[SourceQuality "1"]
[TimeControl "40/6000:900"]

1. e4 Nc6 2. Nc3 e5 3. Bc4 Nf6 4. d3 Na5 5. Qf3 Nxc4 6. dxc4 Bb4 7. Nge2 d6 8. Bg5 Bg4 9. Bxf6 Bxf3 10. Bxd8 Bxe2 11. Kxe2 Kxd8 12. Nd5 Ba5 13. h4 c6 14. Ne3 g6 15. h5 Ke7 16. Rad1 Bb6 17. c3 Bxe3 18. Kxe3 f5 19. hxg6 hxg6 20. exf5 gxf5 21. g3 Rag8 22. b4 Ke6 23. a4 d5 24. b5 dxc4 25. bxc6 bxc6 26. Rb1 Rb8 27. Rh6+ Rxh6 28. Rxb8 Rh1 29. Rb7 Rd1 30. Rxa7 Rd3+ 31. Ke2 Rxc3 0-1

[Event "Cesenatico Open 2019"]
[Site "Cesenatico"]
[Date "2019.09.06"]
[Round "7"]
[White "Loiacono, Antonio"]
[Black "Di Trapani, Davide"]
[Result "1/2-1/2"]
[ECO "B51"]
[WhiteElo "2282"]
[BlackElo "2181"]
[Annotator "ChessBase"]
[PlyCount "140"]
[EventDate "2019.09.01"]
[EventType "swiss"]
[EventCountry "ITA"]
[SourceTitle "playchess.com"]
[Source "ChessBase"]
[SourceQuality "1"]
[TimeControl "40/6000:900"]

1. e4 c5 2. Nf3 d6 3. Bb5+ Nd7 4. O-O a6 5. Bd3 Ngf6 6. Re1 g6 7. c3 Bg7 8. Bc2 O-O 9. d4 cxd4 10. cxd4 b5 11. h3 Bb7 12. Bf4 Rc8 13. Nbd2 Nb6 14. Bh2 Nfd7 15. Bb3 Nc4 16. Bxc4 bxc4 17. Rc1 d5 18. exd5 Bxd5 19. Qe2 Nb6 20. Qxe7 Qxe7 21. Rxe7 Na4 22. Rc2 Nxb2 23. Rxb2 c3 24. Rc2 cxd2 25. Rxd2 Rc1+ 26. Re1 Rfc8 27. Rdd1 Rxd1 28. Rxd1 Bxa2 29. Bg3 Bd5 30. Ra1 Ra8 31. Ne5 a5 32. Ra3 Ra7 33. Rc3 h5 34. Rc8+ Kh7 35. Rc5 a4 36. Rxd5 a3 37. Rc5 a2 38. Rc1 a1=Q 39. Rxa1 Rxa1+ 40. Kh2 Bxe5 41. dxe5 g5 42. h4 g4 43. Bf4 Kg6 44. g3 Kf5 45. Kg2 Ke4 46. Be3 Kxe5 47. Bf4+ Ke4 48. Bc7 Kd3 49. Bd6 Ke2 50. Be5 Ra3 51. Bd6 Rd3 52. Bc7 Rf3 53. Bb6 f5 54. Bc5 f4 55. gxf4 Rxf4 56. Bb6 Rf3 57. Bc5 Kd3 58. Be7 Ke4 59. Bd8 Rd3 60. Be7 g3 61. fxg3 Rd2+ 62. Kh3 Kf3 63. Bg5 Rd1 64. Kh2 Ra1 65. Bf4 Kg4 66. Kg2 Ra2+ 67. Kg1 Kf3 68. Be5 Rg2+ 69. Kh1 Re2 70. Bf4 Re1+ 1/2-1/2

[Event "Cesenatico Open 2019"]
[Site "Cesenatico"]
[Date "2019.09.06"]
[Round "7"]
[White "Stromboli, Carlo"]
[Black "Di Benedetto, Edoardo"]
[Result "1/2-1/2"]
[ECO "C01"]
[WhiteElo "2270"]
[BlackElo "2405"]
[Annotator "ChessBase"]
[PlyCount "97"]
[EventDate "2019.09.01"]
[EventType "swiss"]
[EventCountry "ITA"]
[SourceTitle "playchess.com"]
[Source "ChessBase"]
[SourceQuality "1"]
[TimeControl "40/6000:900"]

1. e4 e6 2. d4 d5 3. Bd3 dxe4 4. Bxe4 Nf6 5. Bf3 c5 6. Ne2 Nc6 7. Be3 cxd4 8. Nxd4 Ne5 9. Nc3 Bb4 10. Ndb5 Bd7 11. a3 Bxc3+ 12. Nxc3 Bc6 13. Bxc6+ Nxc6 14. Qxd8+ Rxd8 15. Rd1 Rxd1+ 16. Kxd1 Nd7 17. Nb5 Ke7 18. Nd4 Nxd4 19. Bxd4 e5 20. Be3 Ke6 21. Ke2 Rc8 22. Rc1 a6 23. c4 f5 24. f3 Nb8 25. b4 b5 26. Kd3 Nd7 27. a4 e4+ 28. fxe4 Ne5+ 29. Ke2 Rxc4 30. exf5+ Kxf5 31. Rxc4 Nxc4 32. axb5 axb5 33. Bd4 g5 34. Kd3 Ne5+ 35. Ke2 Ke4 36. Be3 g4 37. Bc5 Nd3 38. Bd6 Kd4 39. h3 gxh3 40. gxh3 Kc4 41. Kf3 Nxb4 42. Kg4 Nd3 43. Kh5 Nc5 44. Kh6 b4 45. h4 Kd5 46. Bf8 b3 47. Bg7 Nd3 48. Ba1 Nf4 49. Kxh7 1/2-1/2

[Event "Cesenatico Open 2019"]
[Site "Cesenatico"]
[Date "2019.09.06"]
[Round "7"]
[White "Dittmar, Peter"]
[Black "Dobboletta, Alex"]
[Result "1/2-1/2"]
[ECO "E48"]
[WhiteElo "2259"]
[BlackElo "2176"]
[Annotator "ChessBase"]
[PlyCount "164"]
[EventDate "2019.09.01"]
[EventType "swiss"]
[EventCountry "ITA"]
[SourceTitle "playchess.com"]
[Source "ChessBase"]
[SourceQuality "1"]
[TimeControl "40/6000:900"]

1. d4 Nf6 2. c4 e6 3. Nc3 Bb4 4. e3 O-O 5. Bd3 d5 6. Nge2 c6 7. O-O Nbd7 8. a3 Be7 9. Ng3 dxc4 10. Bxc4 c5 11. dxc5 Bxc5 12. b4 Be7 13. Bb2 a6 14. Be2 b5 15. Bf3 Rb8 16. Qd4 Nb6 17. Nce4 Nc4 18. Qa7 Nxe4 19. Bxe4 Rb6 20. Rad1 Rd6 21. Rxd6 Qxd6 22. Bd4 Qd7 23. Qxd7 Bxd7 24. Ra1 Rc8 25. f4 a5 26. bxa5 Nxa5 27. Bd3 Nc4 28. Bxc4 bxc4 29. Ne4 Ra8 30. Bc5 Bxc5 31. Nxc5 Bc6 32. Rb1 Kf8 33. Rb6 Be8 34. Rb4 Rxa3 35. Rxc4 Rxe3 36. Kf2 Ra3 37. Nb7 Ra2+ 38. Kg3 Rd2 39. Na5 Ke7 40. Nc6+ Bxc6 41. Rxc6 h6 42. h4 h5 43. Kf3 Rd3+ 44. Ke2 Rd6 45. Rc5 Rd5 46. Rc7+ Rd7 47. Rc5 g6 48. g3 Ra7 49. Rc3 f6 50. Kf3 Kd6 51. Rd3+ Ke7 52. Rb3 Rd7 53. Ra3 e5 54. fxe5 fxe5 55. Ke4 Ke6 56. Ra6+ Rd6 57. Ra8 Rd4+ 58. Ke3 Rb4 59. Ra6+ Kf5 60. Kf2 Rb2+ 61. Ke3 Rb3+ 62. Kf2 Rd3 63. Rb6 Ra3 64. Rb4 Ra6 65. Kf3 Re6 66. Rb5 Rd6 67. Rb4 Rd4 68. Rb6 e4+ 69. Kf2 Rd2+ 70. Ke3 Rd3+ 71. Kf2 Rd5 72. Ke3 Ra5 73. Kf2 g5 74. hxg5 Kxg5 75. Rb8 Ra3 76. Rg8+ Kf5 77. Rf8+ Ke5 78. Re8+ Kd4 79. Rd8+ Kc4 80. Rc8+ Kd3 81. Rd8+ Kc2 82. Rd4 Rf3+ 1/2-1/2

[Event "Cesenatico Open 2019"]
[Site "Cesenatico"]
[Date "2019.09.06"]
[Round "7"]
[White "Brancaleoni, Maurizio"]
[Black "Paleologu, Vladimir"]
[Result "1/2-1/2"]
[ECO "A42"]
[WhiteElo "2202"]
[BlackElo "2105"]
[Annotator "ChessBase"]
[PlyCount "43"]
[EventDate "2019.09.01"]
[EventType "swiss"]
[EventCountry "ITA"]
[SourceTitle "playchess.com"]
[Source "ChessBase"]
[SourceQuality "1"]
[TimeControl "40/6000:900"]

1. Nf3 d6 2. d4 g6 3. c4 Bg7 4. Nc3 c6 5. e4 e5 6. Be2 Nd7 7. O-O Nh6 8. dxe5 dxe5 9. b4 O-O 10. b5 Re8 11. Rb1 Qc7 12. Ba3 Bf8 13. Qc1 Kg7 14. Rd1 Nc5 15. h3 f6 16. Qe3 Ne6 17. Bxf8+ Rxf8 18. c5 Nf4 19. Bf1 Nf7 20. Nd2 Rd8 21. Bc4 Ng5 22. Bf1 1/2-1/2

[Event "Cesenatico Open 2019"]
[Site "Cesenatico"]
[Date "2019.09.06"]
[Round "7"]
[White "Medici, Simone"]
[Black "Loiacono, Leonardo"]
[Result "1/2-1/2"]
[ECO "D43"]
[WhiteElo "2201"]
[BlackElo "2293"]
[Annotator "ChessBase"]
[PlyCount "64"]
[EventDate "2019.09.01"]
[EventType "swiss"]
[EventCountry "ITA"]
[SourceTitle "playchess.com"]
[Source "ChessBase"]
[SourceQuality "1"]
[TimeControl "40/6000:900"]

1. d4 d5 2. c4 c6 3. Nf3 Nf6 4. Nc3 e6 5. Bg5 h6 6. Bxf6 Qxf6 7. e3 g6 8. Rc1 Nd7 9. Bd3 Bg7 10. e4 dxc4 11. Bxc4 O-O 12. e5 Qe7 13. O-O c5 14. Ne4 cxd4 15. Qxd4 Nb6 16. Nf6+ Kh8 17. Rfd1 Nxc4 18. Rxc4 b5 19. Rc6 Bb7 20. Rd6 Bxf3 21. Rd7 Bxf6 22. exf6 Qxd7 23. Qxd7 Bxd1 24. Qxd1 Rfd8 25. Qc1 Kh7 26. h4 Rac8 27. Qe3 Rc7 28. h5 g5 29. Qe4+ Kh8 30. Qe5 Rc1+ 31. Kh2 a6 32. a4 bxa4 1/2-1/2

[Event "Cesenatico Open 2019"]
[Site "Cesenatico"]
[Date "2019.09.06"]
[Round "7"]
[White "Marzano, Carlo"]
[Black "Friedrich, Norbert"]
[Result "1-0"]
[ECO "D15"]
[WhiteElo "2109"]
[BlackElo "2306"]
[Annotator "ChessBase"]
[PlyCount "75"]
[EventDate "2019.09.01"]
[EventType "swiss"]
[EventCountry "ITA"]
[SourceTitle "playchess.com"]
[Source "ChessBase"]
[SourceQuality "1"]
[TimeControl "40/6000:900"]

1. d4 d5 2. c4 c6 3. Nf3 Nf6 4. Nc3 dxc4 5. e3 b5 6. a4 b4 7. Nb1 Ba6 8. Be2 c5 9. Nbd2 c3 10. bxc3 bxc3 11. Nb1 Bxe2 12. Qxe2 Nc6 13. O-O cxd4 14. exd4 Nd5 15. Qc4 Rc8 16. Nxc3 Nxc3 17. Qxc3 e6 18. d5 Nb4 19. Qe5 Nxd5 20. Bg5 Qd7 21. Rfe1 f6 22. Qe4 Bc5 23. Bh4 Kf7 24. Rad1 h6 25. Bg3 Rhe8 26. Qh7 Qxa4 27. Be5 Bb6 28. Bxf6 Kxf6 29. Ne5 Qc2 30. Ng4+ Kf7 31. Nxh6+ Kf6 32. Ng4+ Kf7 33. Ne5+ Kf6 34. Qh4+ Kf5 35. Qg4+ Kf6 36. Qh4+ Kf5 37. g4+ Kf4 38. Nd3+ 1-0

[Event "Cesenatico Open 2019"]
[Site "Cesenatico"]
[Date "2019.09.07"]
[Round "8"]
[White "Genocchio, Daniele"]
[Black "Kacani, Kirk"]
[Result "1-0"]
[ECO "A13"]
[WhiteElo "2354"]
[BlackElo "2091"]
[Annotator "ChessBase"]
[PlyCount "71"]
[EventDate "2019.09.01"]
[EventType "swiss"]
[EventCountry "ITA"]
[SourceTitle "playchess.com"]
[Source "ChessBase"]
[SourceQuality "1"]
[TimeControl "40/6000:900"]

1. Nf3 Nf6 2. c4 e6 3. e3 b6 4. b3 Bb7 5. Be2 Be7 6. O-O O-O 7. Bb2 d5 8. d4 Nbd7 9. Nbd2 c5 10. Rc1 Ne4 11. cxd5 exd5 12. dxc5 Ndxc5 13. Rc2 Rc8 14. Nd4 Bf6 15. N2f3 a6 16. b4 Nd7 17. Rxc8 Qxc8 18. Bd3 Nd6 19. Qb1 g6 20. Ne2 Nc4 21. Bxf6 Nxf6 22. Qa1 Ne4 23. Rc1 Qc7 24. Nf4 b5 25. Qd4 Qd6 26. a3 Rd8 27. h4 h5 28. Ra1 Qe7 29. a4 Qd7 30. axb5 Qxb5 31. Bxe4 Qxb4 32. Bxg6 fxg6 33. Nxg6 Kh7 34. Qf6 Qb2 35. Ng5+ Kh6 36. Ne5# 1-0